 Dungeon Crawl Stone Soup version 0.28.0-43-g3370ac3207 (webtiles) character file.

Game seed: 12988204020215618647

26170 demenzo the Fighter (level 13, -7/99 HPs)
             Began as a Djinni Transmuter on Mar 3, 2022.
             Was a Priest of Makhleb.
             Killed from afar by a rime drake (32 damage)
             ... with a flash freeze
             ... on level 5 of the Lair of Beasts.
             The game lasted 00:45:28 (21056 turns).

demenzo the Fighter (Djinni Transmuter)            Turns: 21056, Time: 00:45:28

Health: -7/99      AC: 13    Str: 13    XL:     13   Next: 56%
Gold:   625        EV: 16    Int: 25    God:    Makhleb [***...] SH:  0 Dex: 18

rFire   + + +      SeeInvis .   b - +9 mace "Bibb" {spect, rF+ Int+3 Dex+4}
rCold   x . .      Faith    +   (no shield)
rNeg    + . .      Spirit   .   g - +2 ring mail {rN+}
rPois   ∞          Reflect  .   A - +2 hat
rElec   .          Harm     .   a - +0 cloak
rCorr   .          Rampage  .   m - +1 pair of gloves
Will    ++...                   (boots unavailable)
Stlth   +.........              U - amulet of faith
HPRegen 0.26/turn               E - ring of willpower
MPRegen 0.00/turn               y - ring "Oriwin" {Fly Int+6}

@: wereblooded, flying
A: sickness immunity, fire resistance 2, cold vulnerability 1, float, innate
caster, HP casting, extra vitality 1
a: Renounce Religion, Minor Destruction, Lesser Servant of Makhleb


You were on level 5 of the Lair of Beasts.
You worshipped Makhleb.
Makhleb was most pleased with you.
You visited 3 branches of the dungeon, and saw 16 of its levels.
You also visited: Sewer.

You collected 760 gold pieces.
You spent 135 gold pieces at shops.

Inventory:

Hand Weapons
 b - the +9 mace "Bibb" (weapon) {spect, rF+ Int+3 Dex+4}
   (You found it on level 2 of the Dungeon)

   When its wielder attacks, the weapon's spirit leaps out and strikes again.
   The spirit shares a part of any damage it takes with its wielder.
   Int:       It affects your intelligence (+3).
   Dex:       It affects your dexterity (+4).
   rF:        It protects you from fire.
 B - a +2 whip of electrocution
Missiles
 j - 366 stones
 J - 2 javelins
 L - 6 curare-tipped darts
Armour
 a - a +0 cloak (worn)
 g - a +2 ring mail of positive energy (worn)
 m - a +1 pair of gloves (worn)
 u - a +1 robe of willpower
 A - a +2 hat (worn)
 I - the +1 leather armour of Bafohata {*Slow rC++ rN+}
   (You found it on level 6 of the Dungeon)

   rC:        It greatly protects you from cold.
   rN:        It protects you from negative energy.
   *Slow:     It may slow you when you take damage.
Jewellery
 i - a ring of fire
 o - a ring of see invisible
 y - the ring "Oriwin" (right hand) {Fly Int+6}
   (You found it on level 8 of the Dungeon)

   [ring of flight]

   Int:       It affects your intelligence (+6).
   Fly:       It grants you flight.
 E - a ring of willpower (left hand)
 N - a ring of willpower
 R - a ring of positive energy
 U - an amulet of faith (around neck)
Wands
 e - a wand of paralysis (4)
 h - a wand of flame (61)
 s - a wand of digging (8)
 F - a wand of polymorph (23)
 K - a wand of iceblast (21)
 P - a wand of acid (5)
Scrolls
 f - a scroll of immolation
 l - 11 scrolls of teleportation
 r - a scroll of blinking
 C - 3 scrolls of enchant weapon
 D - 4 scrolls of magic mapping
 M - 4 scrolls of enchant armour
 Q - a scroll of fog
 S - a scroll of silence
 W - 2 scrolls of identify
 Y - a scroll of brand weapon
Potions
 d - a potion of resistance
 k - 4 potions of heal wounds
 n - a potion of ambrosia
 p - a potion of berserk rage
 q - 5 potions of curing
 z - 2 potions of haste
 G - a potion of invisibility
 H - a potion of brilliance
 O - a potion of might
 T - a potion of cancellation
 V - 2 potions of lignification


   Skills:
 + Level 11.0 Fighting
 + Level 5.5 Maces & Flails
 + Level 5.2 Armour
 - Level 10.5 Dodging
 - Level 6.0 Unarmed Combat
 + Level 8.6 Spellcasting
 + Level 8.3 Invocations


You couldn't memorise any spells.
You knew the following spells:

 Your Spells              Type           Power      Damage    Failure   Level
a - Beastly Appendage     Tmut           100%       N/A       1%          1
b - Wereblood             Tmut           52%        N/A       1%          2
c - Spider Form           Tmut/Pois      52%        N/A       1%          3
d - Ice Form              Ice/Tmut       52%        N/A       3%          4
e - Slow                  Hex            100%       N/A       1%          1
f - Poisonous Vapours     Pois/Air       100%       N/A       1%          2
g - Mephitic Cloud        Conj/Pois/Air  52%        N/A       1%          3
h - Anguish               Hex/Necr       26%        N/A       3%          4
i - Leda's Liquefaction   Hex/Erth       26%        N/A       3%          4
j - Summon Mana Viper     Hex/Summ       52%        N/A       9%          5
Your spell library was empty.

Dungeon Overview and Level Annotations

Branches:
Dungeon (10/15)            Temple (1/1) D:7            Lair (5/6) D:9
 Shoals (0/4) Lair:3        Snake (0/4) Lair:4        Slime (0/5) Lair:5
  Sewer (visited)
    Orc: D:9-12

Altars:
Cheibriados
Dithmenos
Fedhas
Gozag
Kikubaaqudgha
Makhleb
Nemelex Xobeh
Qazlal
Trog
Vehumet
Wu Jian
Xom
Yredelemnul
Zin

Shops:
D:2 *   D:3 **?

Annotations:
D:2 exclusion: 2 doors


Innate Abilities, Weirdness & Mutations

You are immune to sickness and miasma.
You are immune to poison.
Your flesh is very heat resistant. (rF++)
You are vulnerable to cold. (rC-)
You float through the air rather than walking.
You learn spells naturally, not from books.
Your magical power is your life essence.
You have superior vitality. (+4 MHP)


Message History

The yak is heavily wounded.
Your +9 mace "Bibb" {spect, rF+ Int+3 Dex+4} hits the yak!
The yak closely misses you. The yak gores you but does no damage.
Your mana viper bites the yak.
The yak gores your mana viper but does no damage.
The rime drake closely misses your +9 mace "Bibb" {spect, rF+ Int+3 Dex+4}.
The yak barely misses your mana viper. The yak gores you.
You sock the yak!
You feel a bit better.
You kill the yak!
Makhleb accepts your kill.
Your mana viper bites the yak!
The rime drake breathes ice at you. The flash freeze hits you!
You feel a painful chill!
You are encased in ice.
The yak closely misses your mana viper.
Your mana viper bites the yak!
The yak gores your mana viper. The yak gores you but does no damage.
Unknown command.
Unknown command.
What are your orders? t - Howl!
Orders for allies: a - Attack new target. r - Retreat! s - Stop attacking. g - Guard the area. f - Follow me.
Anything else - Cancel.
Gang up on whom?
Press: ? - help, Dir - move target, f - rime drake
Aim: a rime drake Attack!
The yak closely misses your mana viper.
Your mana viper bites the rime drake!!
The yak gores your mana viper! The yak gores you!
* * * LOW HITPOINT WARNING * * *
The rime drake misses you.
You barely miss the rime drake.
The rime drake is severely wounded.
Your +9 mace "Bibb" {spect, rF+ Int+3 Dex+4} hits the rime drake!
The ice encasing you melts away.
Your mana viper bites the rime drake.
The yak closely misses your mana viper. The rime drake breathes ice at you.
The flash freeze hits you!!
You feel a painful chill!
You die...

....... .#.#
........###...##.
..............^...
...................
....................
.....................
...>.................
............YYk§......
............YS@(......
.....................
#.................P.
##........P.......P.
###.....!.#..##.#.#.#P
#P...)...##### ###.##
###.......## ##
.........#.#
........#..##


You could see 3 yaks, a rime drake (catching breath, ally target), a friendly
mana viper (summoned) and a friendly +9 mace "Bibb" {spect, rF+ Int+3 Dex+4}
(summoned).

Vanquished Creatures
  3 hydras
  A catoblepas (Lair:4)
  2 two-headed ogres
  Pikel (D:7)
  2 black mambas (Lair:5)
  A torpor snail (Lair:2)
  4 elephants (Lair:3)
  8 cane toads
  5 komodo dragons
  A rime drake (Lair:3)
  A troll (D:5)
  3 polar bears
  14 blink frogs
  Grinder (D:3)
  A hornet (D:9)
  A shadow (D:10)
  A wraith (D:8)
  5 wyverns
  Sigmund (D:2)
  A vampire (D:9)
  14 yaks
  4 steam dragons
  Grum (D:9)
  5 basilisks
  4 nagas (Lair:4)
  16 water moccasins
  Duvessa (D:4)
  3 orc warriors
  An ice beast (D:5)
  2 black bears (D:9)
  2 ogres
  A centaur (D:7)
  11 wolves
  A phantom (D:4)
  3 lemures (D:7)
  Blork the orc (D:4)
  9 bullfrogs
  A scorpion (D:9)
  Dowan (D:4)
  A wyvern skeleton (D:4)
  2 water moccasin skeletons
  5 wights (D:9)
  A centaur zombie (D:7)
  2 hounds
  2 gnoll shamans
  9 orc priests
  Crazy Yiuf (D:2)
  2 jellies
  Ijyb (D:3)
  Natasha (thrice) (D:3)
  3 iguanas
  9 orc wizards
  4 hell rats (Lair:2)
  A howler monkey zombie (D:6)
  9 gnolls
  6 adders
  A white imp (D:5)
  2 worms
  2 dart slugs
  30 orcs
  6 bats
  6 endoplasms
  12 giant cockroaches
  11 goblins
  6 hobgoblins
  5 quokkas
  8 ball pythons
  12 frilled lizards
  4 kobolds
  7 rats
311 creatures vanquished.

Vanquished Creatures (collateral kills)
  A cane toad (Lair:4)
  3 blink frogs (Lair:5)
  A wyvern (Lair:5)
  2 water moccasins (Lair:4)
7 creatures vanquished.

Vanquished Creatures (others)
  A bush (D:9)
  23 fungi
  39 plants
  3 withered plants (D:8)
66 creatures vanquished.

Grand Total: 384 creatures vanquished

Notes
Turn   | Place    | Note
-------+----------+-------------------------------------------
     0 | D:1      | demenzo the Djinni Transmuter began the quest for the Orb.
     0 | D:1      | Reached XP level 1. HP: 17/17 MP: 0/0
   362 | D:1      | Reached XP level 2. HP: 20/22 MP: 0/0
  1382 | D:1      | Reached XP level 3. HP: 27/27 MP: 0/0
  1382 | D:1      | Learned a level 1 spell: Slow
  1489 | D:1      | You are sucked into a shaft and drop 1 floor!
  1489 | D:2      | Found Kuumolus's Assorted Antiques.
  1881 | D:1      | Found a faded altar of an unknown god.
  2503 | D:2      | Reached XP level 4. HP: 30/33 MP: 0/0
  2606 | D:2      | Noticed Sigmund
  3195 | D:2      | Reached skill level 2 in Fighting
  3220 | D:2      | Found a runed translucent door.
  3221 | D:2      | Noticed Crazy Yiuf
  3316 | D:2      | Killed Sigmund
  3317 | D:2      | Reached XP level 5. HP: 11/39 MP: 0/0
  3317 | D:2      | Learned a level 2 spell: Poisonous Vapours
  3317 | D:2      | Reached XP level 6. HP: 13/45 MP: 0/0
  3858 | D:2      | Killed Crazy Yiuf
  3864 | D:2      | Identified the +9 mace "Bibb" {spect, rF+ Int+3 Dex+4}
  4111 | D:3      | Found Ecvy's Assorted Antiques.
  4112 | D:3      | Noticed Natasha
  4117 | D:3      | Killed Natasha
  4122 | D:3      | Noticed Ijyb
  4129 | D:3      | Killed Ijyb
  4130 | D:3      | Reached skill level 5 in Unarmed Combat
  4147 | D:3      | Noticed Grinder
  4153 | D:3      | Killed Grinder
  4154 | D:3      | Reached skill level 3 in Fighting
  4154 | D:3      | Reached XP level 7. HP: 28/50 MP: 0/0
  4154 | D:3      | Learned a level 3 spell: Mephitic Cloud
  4302 | D:3      | Noticed Natasha
  4306 | D:3      | Killed Natasha
  4324 | D:3      | Noticed Natasha
  4329 | D:3      | Killed Natasha
  4382 | D:3      | Found Guw Ren's Magic Scroll Shop.
  4388 | D:3      | Bought a scroll of magic mapping for 38 gold pieces
  4424 | D:3      | Found a glowing drain.
  4434 | Sewer    | Entered a sewer
  4814 | D:3      | Found Donkeaho's General Store.
  4956 | D:4      | Noticed Blork the orc
  4966 | D:4      | Killed Blork the orc
  4967 | D:4      | Reached XP level 8. HP: 58/58 MP: 0/0
  4999 | D:4      | Reached skill level 4 in Fighting
  4999 | D:4      | Noticed Duvessa
  4999 | D:4      | Noticed Dowan
  5437 | D:4      | Reached skill level 5 in Dodging
  5479 | D:4      | Reached skill level 1 in Maces & Flails
  5510 | D:4      | Killed Duvessa
  5519 | D:4      | Killed Dowan
  6439 | D:5      | Entered Level 5 of the Dungeon
  6448 | D:5      | Found Foseikh's Assorted Antiques.
  6469 | D:5      | Reached XP level 9. HP: 46/64 MP: 0/0
  6469 | D:5      | Learned a level 4 spell: Anguish
  6768 | D:5      | Found a stormy altar of Qazlal.
  6941 | D:5      | Reached skill level 5 in Fighting
  7935 | D:5      | Identified the +1 leather armour "Gaipoumm" {Regen+}
  8084 | D:6      | Noticed a troll
  8204 | D:6      | Identified the +1 leather armour of Bafohata {*Slow rC++
                  | rN+}
  8447 | D:5      | Killed a troll
  8882 | D:6      | Reached skill level 6 in Fighting
  9161 | D:6      | Noticed a two-headed ogre
  9165 | D:6      | Killed a two-headed ogre
  9166 | D:6      | Reached skill level 5 in Spellcasting
  9166 | D:6      | Reached XP level 10. HP: 41/73 MP: 0/0
  9329 | D:6      | Found a sparkling altar of Nemelex Xobeh.
  9767 | D:3      | Bought a scroll of enchant weapon for 97 gold pieces
  9956 | D:7      | Reached skill level 7 in Fighting
 10154 | D:7      | Found a staircase to the Ecumenical Temple.
 10160 | Temple   | Entered the Ecumenical Temple
 10343 | Temple   | Became a worshipper of Makhleb the Destroyer
 10815 | D:7      | Noticed Pikel
 10941 | D:7      | Killed Pikel
 10942 | D:7      | Reached skill level 1 in Invocations
 11741 | D:8      | Identified the ring "Oriwin" {Fly Int+6}
 12130 | D:8      | Found a blossoming altar of Fedhas.
 12453 | D:9      | Noticed a two-headed ogre
 12459 | D:9      | Killed a two-headed ogre
 12460 | D:9      | Reached skill level 8 in Fighting
 12487 | D:9      | Reached XP level 11. HP: 67/81 MP: 0/0
 12487 | D:9      | Learned a level 4 spell: Leda's Liquefaction
 12489 | D:9      | Reached * piety under Makhleb
 12503 | D:9      | Identified the +0 robe of Slovenliness {Rampage Str+3 Dex+4
                  | Stlth-}
 12700 | D:9      | Noticed Grum
 12715 | D:9      | Killed Grum
 13469 | D:9      | Found a staircase to the Lair.
 13612 | D:9      | Reached ** piety under Makhleb
 14109 | D:10     | Entered Level 10 of the Dungeon
 14137 | Lair:1   | Entered Level 1 of the Lair of Beasts
 14249 | D:9      | Reached skill level 9 in Fighting
 14249 | D:9      | Reached skill level 5 in Invocations
 14620 | Lair:1   | Reached skill level 10 in Dodging
 15040 | Lair:2   | Noticed a five-headed hydra
 15329 | Lair:1   | Reached XP level 12. HP: 44/90 MP: 0/0
 16015 | Lair:2   | Noticed an eight-headed hydra
 16518 | Lair:2   | Reached skill level 1 in Armour
 17454 | Lair:3   | Reached skill level 10 in Fighting
 18054 | Lair:3   | Found a staircase to the Shoals.
 18251 | Lair:3   | Noticed a five-headed hydra
 19189 | Lair:4   | Reached *** piety under Makhleb
 19190 | Lair:4   | Reached XP level 13. HP: 38/97 MP: 0/0
 19190 | Lair:4   | Learned a level 5 spell: Summon Mana Viper
 19450 | Lair:4   | Found a staircase to the Snake Pit.
 19902 | Lair:4   | Noticed a four-headed hydra
 19912 | Lair:4   | Killed a four-headed hydra
 20197 | Lair:4   | Reached skill level 5 in Maces & Flails
 20370 | Lair:4   | Noticed a catoblepas
 20410 | Lair:4   | Killed a catoblepas
 20728 | Lair:5   | Noticed a six-headed hydra
 20743 | Lair:5   | Killed a six-headed hydra
 20749 | Lair:5   | Reached skill level 5 in Armour
 20789 | Lair:5   | Reached skill level 11 in Fighting
 20903 | Lair:5   | Noticed a four-headed hydra
 20910 | Lair:5   | Killed a four-headed hydra
 20916 | Lair:5   | Identified the +0 scale mail of the Hippo {rCorr}
 20997 | Lair:5   | Found a staircase to the Slime Pits.
 21056 | Lair:5   | Killed from afar by a rime drake

Illustrated notes

Levels and vault maps discovered:
D:1:      dpeg_arrival_houses_and_road, layout_basic,
          shapermc_ecumenical_altar_ellora, st_stairs_7
D:2:      layout_basic, serial_shops, nicolae_shop_waterfront,
          grunt_ministairs_1, uniq_sigmund, uniq_crazy_yiuf_cottage
D:3:      layout_basic, portal_sewer_entry_f, serial_shops, nicolae_square_shop,
          nicolae_shop_waterfront, nicolae_shop_advertising_works
          [nicolae_subvault_shop_adworks], uniq_natasha, uniq_ijyb, uniq_grinder
D:4:      layout_cave_pools, uniq_duvessa, uniq_blork_the_orc
D:5:      layout_loops_corners, mainiacjoe_overflow_brackets, serial_shops,
          nicolae_shop_hallway_plus, serial_park_tiny_2
D:6:      layout_basic, marbit_many_paths
D:7:      layout_loops_corners, minmay_temple_entry_arrows, uniq_pikel
D:8:      layout_basic, grunt_temple_overflow_growth_and_decay
D:9:      layout_basic, minmay_lair_entry_grove, uniq_grum
D:10:     layout_irregular_city, minmay_orc_entry_temple_small, serial_shops,
          nicolae_shop_crystal, ebering_ghost_reflecting_pool
Temple:   regret_index_temple_mists
Lair:1:   layout_cave_shapes
Lair:2:   layout_regular_city, serial_rivers, chequers_serial_rivers_micro_e,
          chequers_serial_rivers_large_a, chequers_serial_rivers_micro_b,
          chequers_serial_rivers_small_b, chequers_serial_rivers_room_a,
          small_statue_intersection, chequers_serial_rivers_micro_d
Lair:3:   layout_regular_city, elwin_shoals_entry_rooms,
          infiniplex_staircase_pool_2
Lair:4:   layout_misc_corridors, minmay_snake_entry_guardpost_small,
          minivault_26, cheibrodos_lair_caveside_slide, grunt_megastairs_1,
          lemuel_fruit_tree
Lair:5:   layout_hall_layers, dpeg_slime_entry_corner, grunt_megastairs_2,
          lemuel_fruit_fields

Skill      XL: |  1  2  3  4  5  6  7  8  9 10 11 12 13 |
---------------+----------------------------------------+-----
Spellcasting   | 2 3 5 6 7 8 |  8.6
Fighting       | 2 3 4 6 8 9 10 11 | 11.0
Unarmed Combat | 4 5 6 |  6.0
Dodging        | 3 4 5 7 8 10 | 10.5
Maces & Flails | 2 3 4 5 |  5.5
Invocations    | 3 5 7 8 |  8.3
Armour         | 3 5 |  5.2

Action                   |  1- 3 |  4- 6 |  7- 9 | 10-12 | 13-15 || total
-------------------------+-------+-------+-------+-------+-------++-------
Melee: Unarmed           |   125 |    80 |     7 |     2 |       ||   214
       Headbutt          |    14 |     7 |       |       |       ||    21
       Punch             |     4 |     3 |     4 |    29 |     4 ||    44
       Mace              |       |    11 |   157 |   431 |    71 ||   670
 Cast: Beastly Appendage |    21 |     9 |       |       |       ||    30
       Spider Form       |       |     2 |     2 |       |       ||     4
       Mephitic Cloud    |       |       |     2 |     1 |       ||     3
       Poisonous Vapours |       |       |       |     7 |     6 ||    13
       Wereblood         |       |       |       |     5 |     2 ||     7
       Leda's Liquefacti |       |       |       |     1 |     1 ||     2
       Slow              |       |       |       |     1 |       ||     1
       Ice Form          |       |       |       |     1 |       ||     1
       Anguish           |       |       |       |     1 |       ||     1
       Summon Mana Viper |       |       |       |       |     8 ||     8
  Use: Scroll            |       |     9 |     1 |    11 |     2 ||    23
 Stab: Confused          |       |       |       |     1 |       ||     1
       Distracted        |       |       |       |     5 |     2 ||     7
Armor: Robe              |    16 |       |       |       |       ||    16
       Leather armour    |    24 |    14 |       |       |       ||    38
       Ring mail         |       |       |    66 |   168 |    27 ||   261
       Skin              |       |       |       |     3 |       ||     3
Dodge: Dodged            |   104 |    42 |    94 |   378 |    73 ||   691
